 Dungeon Crawl Stone Soup version 0.30.1-11-g7821555f0a (webtiles) character file.

Game seed: 1576825669177748004

28441 booth the Grappler (level 13, -5/127 HPs)
             Began as a Troll Fighter on Nov 9, 2023.
             Was a High Priest of Okawaru.
             Engulfed by a cloud of freezing vapour (16 damage)
             ... in an ice cave on Nov 10, 2023.
             The game lasted 01:53:20 (14841 turns).

booth the Grappler (Troll Fighter)                 Turns: 14841, Time: 01:53:20

Health: -5/127     AC:  8    Str: 27    XL:     13   Next: 9%
Magic:  12/12      EV: 16    Int:  6    God:    Okawaru [*****.]
Gold:   527        SH: 11    Dex: 11    Spells: 12/12 levels left

rFire   + .          .
                       - Unarmed
rCold   . . .        b - +1 kite shield
rNeg    . . .        i - +2 robe {Will+}
rPois   .            (helmet restricted)
rElec   .            w - +1 cloak
rCorr   .            (gloves unavailable)
SInv    .            (boots unavailable)
Will    ++...        D - amulet of faith
Stlth   +            p - +5 ring of evasion
HPRegen 1.21/turn    H - ring of protection from fire
MPRegen 0.13/turn

%: faith
@: about to teleport
A: large, unfitting armour, claws 3, regeneration 1, shaggy fur 1, tough skin 1,
strong-willed 1, mutation resistance 1
a: Renounce Religion, Heroism, Finesse, Duel


You were in an ice cave.
You worshipped Okawaru.
Okawaru was extremely pleased with you.
You visited 3 branches of the dungeon, and saw 14 of its levels.
You also visited: Bailey and Ice Cave.

You collected 784 gold pieces.
You spent 257 gold pieces at shops.

Inventory:

Hand Weapons
 k - a +3 mace of freezing
 u - a +2 mace of holy wrath
 C - a +3 vampiric war axe
 F - a +6 whip of flaming
Missiles
 q - 6 poisoned darts (quivered)
 t - 2 atropa-tipped darts
 A - 2 javelins
 K - a throwing net
 M - 4 large rocks
 R - 2 datura-tipped darts
Armour
 b - a +1 kite shield (worn)
 h - the +1 robe "Fiwas" {rPois SInv}
   (Okawaru gifted it to you in an ice cave)

   rPois:     It protects you from poison.
   SInv:      It lets you see invisible.
 i - a +2 robe of willpower (worn)
 w - a +1 cloak (worn)
 I - a +0 troll leather armour
 P - the +0 hat "Uhealob" {Rampage Fly Dex-3}
   (Okawaru gifted it to you on level 2 of the Lair of Beasts)

   Dex:       It affects your dexterity (-3).
   Fly:       It grants you flight.
   Rampage:   It bestows one free step when moving towards enemies.
Jewellery
 p - a +5 ring of evasion (left claw)
 D - an amulet of faith (around neck)
 H - a ring of protection from fire (right claw)
 N - the ring of Huhupuw {Fire rN+ Int+3}
   (You found it on level 1 of the Lair of Beasts)

   [ring of fire]

   It enhances your fire magic.
   Int:       It affects your intelligence (+3).
   rF:        It protects you from fire.
   rC:        It makes you vulnerable to cold.
   rN:        It protects you from negative energy.
 O - a ring of resist corrosion
Wands
 a - a wand of flame (26)
 n - a wand of iceblast (17)
 s - a wand of digging (3)
 y - a wand of paralysis (14)
 G - a wand of polymorph (6)
 J - a wand of acid (6)
Scrolls
 e - 2 scrolls of torment
 f - 7 scrolls of teleportation
 g - a scroll of fog
 j - a scroll of enchant weapon
 r - 2 scrolls of fear
 Q - a scroll of magic mapping
Potions
 c - 8 potions of might
 d - 2 potions of magic
 l - a potion of invisibility
 m - 3 potions of berserk rage
 x - a potion of flight
 z - a potion of ambrosia
 B - 3 potions of curing
 E - a potion of resistance
Miscellaneous
 o - a box of beasts


   Skills:
 + Level 8.0 Fighting
 + Level 8.0 Maces & Flails
 + Level 7.6 Throwing
 + Level 7.9 Dodging
 + Level 8.6 Shields
 + Level 11.5 Unarmed Combat


You had 12 spell levels left.
You didn't know any spells.
Your spell library contained the following spells:

 Spells                   Type           Power      Damage    Failure   Level
 Freeze                   Ice            0%         1d3       65%         1
 Slow                     Hex            0%         N/A       65%         1
 Blink                    Tloc           0%         N/A       78%         2
 Ensorcelled Hibernation  Hex/Ice        0%         N/A       78%         2
 Lesser Beckoning         Tloc           0%         N/A       78%         2
 Momentum Strike          Conj/Tloc      0%         3d8       78%         2
 Confusing Touch          Hex            0%         N/A       95%         3
 Frozen Ramparts          Ice            0%         1d1       95%         3
 Hailstorm                Conj/Ice       0%         3d3       95%         3
 Spider Form              Tmut/Pois      0%         N/A       95%         3
 Stone Arrow              Conj/Erth      0%         3d7       95%         3
 Vampiric Draining        Necr           0%         2d6       95%         3
 Anguish                  Hex/Necr       0%         N/A       100%        4
 Cause Fear               Hex            0%         N/A       100%        4
 Enfeeble                 Hex            0%         N/A       100%        7
 Lehudib's Crystal Spear  Conj/Erth      0%         10d2      100%        8
 Animate Armour           Summ/Erth      Unusable   N/A       N/A         4

Dungeon Overview and Level Annotations

Branches:
Dungeon (10/15)            Temple (1/1) D:6            Lair (3/5) D:8
 Spider (0/4) Lair:2       Bailey (visited)           IceCv (1/1)
  Swamp: Lair:2-3    Shoals: Lair:2-3       Orc: D:9-12

Altars:
Ashenzari
Cheibriados
Dithmenos
Elyvilon
Fedhas
Gozag
Hepliaklqana
Kikubaaqudgha
Makhleb
Nemelex Xobeh
Okawaru
Qazlal
Ru
Sif Muna
Trog
Uskayaw
Vehumet
Wu Jian
Xom
Yredelemnul
Zin
The Shining One

Shops:
D:1 :   D:2 ?*![*

Annotations:
D:5 1 runed translucent door, ChrisAssaf's ghost, novice DjBr


Innate Abilities, Weirdness & Mutations

You are too large for most types of armour.
You have claws for hands.
Your natural rate of healing is unusually fast.
You are covered in fur. (AC +1)
You have tough skin. (AC +1)
You are strong-willed. (Will+)
You are somewhat resistant to further mutation.


Message History

You scratch the dire elephant simulacrum.
The dire elephant simulacrum is severely damaged.
You claw the dire elephant simulacrum!
The dire elephant simulacrum vaporises!
Okawaru accepts your kill.
Really walk into that cloud of freezing vapour? [Y]es or [N]o only, please.
Really walk into that cloud of freezing vapour? [Y]es or [N]o only, please.
Really walk into that cloud of freezing vapour?
Okay, then.
Unknown command.
An ice devil and a wolf simulacrum come into view.
A dire elephant simulacrum comes into view.
You are engulfed in freezing vapours.
The wolf simulacrum attacks as you move away!
The wolf simulacrum bites you. The wolf simulacrum freezes you!
You are engulfed in freezing vapours.
You closely miss the wolf simulacrum.
You are engulfed in freezing vapours.
The wolf simulacrum bites you but does no damage.
You scratch the ice devil.
The ice devil is lightly wounded.
You are engulfed in freezing vapours.
You mangle the ice devil!!
The ice devil is heavily wounded.
You are engulfed in freezing vapours.
* * * LOW HITPOINT WARNING * * *
You block the wolf simulacrum's attack. The ice devil misses you.
You barely miss the ice devil.
The ice devil is heavily wounded.
You are engulfed in freezing vapours.
* * * LOW HITPOINT WARNING * * *
The wolf simulacrum closely misses you. The wolf simulacrum misses you.
The ice devil hits you but does no damage.
You feel much better.
You are engulfed in freezing vapours.
* * * LOW HITPOINT WARNING * * *
The wolf simulacrum closely misses you. The ice devil misses you.
As you read the scroll of teleportation, it crumbles to dust.
You feel strangely unstable.
You are engulfed in freezing vapours.
You die...

##...###.##
######..#
##..##
##...#
##...##
##...## #.
#...##
#..#..####
#.....§#@#
##...#§Z4#
######○☼#
..☼○#
#Z§.##
#°§## .§#
... ...8


You could see an ice devil, a wolf simulacrum and a dire elephant simulacrum.

Vanquished Creatures
  The ghost of Fractals the Fighter, a journeyman DsBr of Gozag (Lair:1)
  A two-headed ogre (D:9)
  Erica (D:9)
  An ugly thing (IceCv)
  2 oklob plants (Lair:2)
  7 elephants
  Joseph (Lair:1)
  2 black mambas
  2 cane toads
  4 rime drakes
  A gargoyle (Bailey)
  A freezing wraith (IceCv)
  An unseen horror (D:10)
  4 komodo dragons
  An ice devil (IceCv)
  2 polar bears (Lair:1)
  3 trolls
  3 hornets
  8 blink frogs
  A jumping spider (Lair:2)
  Sigmund (D:3)
  4 culicivoras (Lair:2)
  A vampire (Bailey)
  24 yaks
  Eustachio (D:4)
  A dire elephant simulacrum (IceCv)
  3 basilisks
  3 wyverns
  3 fire bats (Lair:2)
  Grum (D:9)
  3 steam dragons
  A redback (Lair:2)
  4 death yak simulacra (IceCv)
  Menkaure (D:5)
  A hydra simulacrum (IceCv)
  4 water moccasins
  Duvessa (D:7)
  3 orc warriors
  3 sky beasts
  2 black bears
  2 ice beasts (D:6)
  2 ogres (D:4)
  14 wolves
  3 centaurs
  2 phantoms
  A kobold brigand (D:7)
  A gnoll sergeant (D:9)
  7 bullfrogs
  Blork the orc (D:4)
  A scorpion (D:4)
  2 two-headed ogre simulacra (IceCv)
  3 cane toad simulacra (IceCv)
  10 wights
  A wyvern skeleton (D:6)
  Dowan (D:7)
  2 elephant simulacra
  4 howler monkeys
  12 killer bees
  7 vampire bats (Bailey)
  A rime drake simulacrum (Lair:1)
  6 wolf zombies (Bailey)
  6 electric eels
  A centaur zombie (D:6)
  A komodo dragon simulacrum (Lair:1)
  6 hounds
  3 jellies
  A wyvern simulacrum (Lair:1)
  Crazy Yiuf (D:5)
  7 orc priests
  A bullfrog skeleton (D:6)
  A water moccasin simulacrum (Lair:1)
  Ijyb (D:5)
  6 iguanas
  5 sleepcaps
  11 orc wizards
  2 spriggan simulacra (IceCv)
  5 polar bear simulacra
  A wolf simulacrum (Lair:1)
  A killer bee zombie (D:6)
  A bullfrog simulacrum (Lair:1)
  Robin (D:2)
  10 adders
  4 gnolls (D:9)
  A naga simulacrum (IceCv)
  2 shadow imps (D:8)
  5 worms
  A dart slug (D:4)
  40 orcs
  2 bats
  8 endoplasms
  3 giant cockroaches (D:4)
  16 goblins
  8 hobgoblins
  8 jackals
  7 kobolds
  3 quokkas
  14 ball pythons
  3 frilled lizards
  16 orc zombies (Bailey)
  8 rats
416 creatures vanquished.

Notes
Turn   | Place    | Note
-------+----------+-------------------------------------------
     0 | D:1      | booth the Troll Fighter began the quest for the Orb.
     0 | D:1      | Reached XP level 1. HP: 22/22 MP: 0/0
    73 | D:1      | Found Laamara Ezyj's Book Shoppe.
   391 | D:1      | Reached XP level 2. HP: 29/29 MP: 1/1
   902 | D:2      | Found Vuatt's Antique Armour Shoppe.
   978 | D:2      | Found Fuzoanow's Magic Scroll Boutique.
   993 | D:2      | Bought a scroll of identify for 20 gold pieces
  1171 | D:2      | Found Usez's Assorted Antiques.
  1254 | D:2      | Noticed Robin
  1268 | D:2      | Reached XP level 3. HP: 36/36 MP: 2/2
  1288 | D:2      | Killed Robin
  1365 | D:2      | Found Qah Mos's Distillery.
  1526 | D:2      | Found Eroannaol's General Store.
  1663 | D:2      | Reached skill level 3 in Unarmed Combat
  1664 | D:2      | Reached XP level 4. HP: 37/44 MP: 3/3
  1844 | D:3      | Found a faded altar of an unknown god.
  1968 | D:3      | Reached XP level 5. HP: 53/53 MP: 4/4
  2194 | D:3      | Noticed Sigmund
  2213 | D:3      | Killed Sigmund
  2214 | D:3      | Reached skill level 1 in Maces & Flails
  2214 | D:3      | Reached skill level 4 in Unarmed Combat
  2214 | D:3      | Reached XP level 6. HP: 61/61 MP: 5/5
  2740 | D:4      | Noticed Eustachio
  2828 | D:4      | Killed Eustachio
  2829 | D:4      | Reached skill level 5 in Unarmed Combat
  2829 | D:4      | Reached XP level 7. HP: 42/68 MP: 6/6
  2899 | D:4      | Reached skill level 1 in Throwing
  3223 | D:4      | Found an opulent altar of Gozag.
  3367 | D:4      | Found a large runed translucent door.
  3368 | D:4      | Found a large runed translucent door.
  3372 | D:4      | Noticed Blork the orc
  3397 | D:4      | Killed Blork the orc
  3398 | D:4      | Reached XP level 8. HP: 41/78 MP: 7/7
  3439 | D:4      | Found a radiant altar of Vehumet.
  3675 | D:4      | Found a stormy altar of Qazlal.
  3680 | D:4      | Found a shimmering altar of Xom.
  3745 | D:5      | Entered Level 5 of the Dungeon
  3808 | D:5      | Noticed a troll
  3826 | D:5      | Killed a troll
  3872 | D:5      | Reached skill level 6 in Unarmed Combat
  3938 | D:5      | Found a runed translucent door.
  3939 | D:5      | Noticed ChrisAssaf's ghost (novice DjBr)
  3979 | D:5      | Noticed Menkaure
  3992 | D:5      | Killed Menkaure
  4080 | D:5      | Noticed Ijyb
  4098 | D:5      | Killed Ijyb
  4433 | D:5      | Identified the +2 spear "Zaosiux" {elec, rF+ Int+4}
  4585 | D:5      | Found a runed translucent door.
  4586 | D:5      | Noticed Crazy Yiuf
  4961 | D:5      | Killed Crazy Yiuf
  5133 | D:6      | Reached skill level 5 in Shields
  5133 | D:6      | Reached XP level 9. HP: 85/85 MP: 8/8
  5135 | D:6      | Found a staircase to the Ecumenical Temple.
  5158 | Temple   | Entered the Ecumenical Temple
  5224 | Temple   | Became a worshipper of Warmaster Okawaru
  5366 | D:6      | Reached skill level 7 in Unarmed Combat
  5548 | D:2      | Bought a scroll of enchant armour for 97 gold pieces
  5548 | D:2      | Bought a potion of heal wounds for 65 gold pieces
  5629 | D:2      | Bought a scroll of blinking for 75 gold pieces
  6064 | D:6      | Gained mutation: You are somewhat resistant to further
                  | mutation. [potion of mutation]
  6064 | D:6      | Gained mutation: You are strong-willed. (Will+) [potion of
                  | mutation]
  6118 | D:7      | Noticed Duvessa
  6118 | D:7      | Noticed Dowan
  6130 | D:7      | Killed Duvessa
  6137 | D:7      | Killed Dowan
  6138 | D:7      | Reached skill level 5 in Fighting
  6282 | D:7      | Reached skill level 5 in Dodging
  6363 | D:7      | Reached * piety under Okawaru
  6591 | D:7      | Reached skill level 8 in Unarmed Combat
  6721 | D:7      | Reached XP level 10. HP: 96/96 MP: 9/9
  7162 | D:8      | Reached ** piety under Okawaru
  7398 | D:8      | Reached skill level 5 in Maces & Flails
  7527 | D:8      | Found a glowing silver altar of Zin.
  7569 | D:8      | Found a sacrificial altar of Ru.
  7592 | D:8      | Found an ornate altar of the Wu Jian Council.
  7948 | D:8      | Found a staircase to the Lair.
  8112 | D:9      | Noticed a two-headed ogre
  8158 | D:9      | Noticed a +0 spear
  8158 | D:9      | Noticed Erica
  8160 | D:9      | Noticed a +0 short sword
  8167 | D:9      | Killed Erica
  8167 | D:9      | Reached *** piety under Okawaru
  8168 | D:9      | Reached skill level 9 in Unarmed Combat
  8168 | D:9      | Noticed a +0 dagger
  8244 | D:9      | Noticed a +0 falchion
  8340 | D:9      | Noticed a +0 dagger
  8341 | D:9      | Noticed a +0 falchion
  8341 | D:9      | Noticed a +0 spear
  8342 | D:9      | Noticed a +0 short sword
  8350 | D:9      | Found a hide-covered altar of Uskayaw.
  8380 | D:9      | Reached skill level 5 in Throwing
  8493 | D:9      | Killed a two-headed ogre
  8493 | D:9      | Reached **** piety under Okawaru
  8494 | D:9      | Reached XP level 11. HP: 93/105 MP: 10/10
  8590 | D:9      | Noticed Grum
  8619 | D:9      | Killed Grum
  9012 | D:10     | Entered Level 10 of the Dungeon
  9083 | D:10     | Found a flagged portal.
  9124 | Bailey   | Entered a bailey
  9428 | Bailey   | Reached skill level 10 in Unarmed Combat
  9636 | Bailey   | Identified the +6 chain mail of Fecearem {Will+ Str+3}
  9644 | Bailey   | Identified the +0 ring mail of Egumawag {rPois Int-3 Dex+6
                  | Stlth+}
 10606 | Lair:1   | Entered Level 1 of the Lair of Beasts
 10726 | Lair:1   | Found a runed translucent gate.
 10726 | Lair:1   | Found a runed translucent gate.
 10726 | Lair:1   | Found a runed translucent gate.
 10758 | Lair:1   | Received a gift from Okawaru
 10847 | Lair:1   | Reached ***** piety under Okawaru
 11008 | Lair:1   | Noticed Joseph
 11053 | Lair:1   | Killed Joseph
 11064 | Lair:1   | Received a gift from Okawaru
 11368 | Lair:1   | Noticed Fractals's ghost (journeyman DsBr)
 11424 | Lair:1   | Received a gift from Okawaru
 11440 | Lair:1   | Reached XP level 12. HP: 118/118 MP: 11/11
 11628 | Lair:1   | Killed Fractals's ghost
 11628 | Lair:1   | Received a gift from Okawaru
 11702 | Lair:1   | Got the ring of Huhupuw {Fire rN+ Int+3}
 11827 | Lair:1   | Received a gift from Okawaru
 12148 | Lair:2   | Received a gift from Okawaru
 12232 | Lair:2   | Identified the +0 hat "Uhealob" {Rampage Fly Dex-3}
                  | (Okawaru gifted it to you on level 2 of the Lair of Beasts)
 12232 | Lair:2   | Received a gift from Okawaru
 12538 | Lair:2   | Reached skill level 11 in Unarmed Combat
 12847 | Lair:2   | Found a blossoming altar of Fedhas.
 13271 | Lair:2   | Found a hole to the Spider Nest.
 14422 | Lair:3   | Found a frozen archway.
 14476 | IceCv    | Entered an ice cave
 14487 | IceCv    | Reached XP level 13. HP: 127/127 MP: 12/12
 14567 | IceCv    | Identified the +1 robe "Fiwas" {rPois SInv} (Okawaru gifted
                  | it to you in an ice cave)
 14567 | IceCv    | Received a gift from Okawaru
 14575 | IceCv    | HP: 6/127 [spriggan simulacrum (16)]
 14841 | IceCv    | Engulfed by a cloud of freezing vapour

Illustrated notes

Levels and vault maps discovered:
D:1:      matt_arrival_debris, layout_basic, serial_shops, shop
D:2:      minmay_diamond_boxcup, layout_basic, serial_shops,
          nicolae_shop_tiny_waterfront, nicolae_shop_real_fake_doors, shop,
          nicolae_shop_temple_entry_statues_fountains, nicolae_lakefront_shop,
          uniq_robin
D:3:      layout_basic, nicolae_ecumenical_snake_handling, uniq_sigmund
D:4:      minmay_octagon_keep, layout_loops_cross, fiery_altar_vehumet,
          jmf_multi_god_temple2, nicolae_gozag_seed_capital, st_stairs_12,
          uniq_eustachio, uniq_blork_the_orc
D:5:      layout_loops_ring, serial_aquarium, aquarium_bridge_long_joined
          [aquarium_subvault_wall, aquarium_subvault_wall,
          aquarium_subvault_bridge, aquarium_subvault_window,
          aquarium_subvault_window, aquarium_subvault_wall],
          aquarium_window_fake, aquarium_window_1, aquarium_window_1,
          aquarium_window_2, aquarium_view_2d, aquarium_view_2e,
          gammafunk_ghost_grave, uniq_ijyb, uniq_crazy_yiuf_cottage,
          uniq_menkaure
D:6:      layout_rooms, temple_statues, serial_undead, serial_undead_e,
          serial_undead_d, serial_undead_a, serial_undead_b
D:7:      layout_basic, uniq_duvessa
D:8:      layout_cave_pools, grunt_temple_overflow_open, erik_lair_island
D:9:      layout_rooms, nicolae_uskayaw_en_pointe, uniq_erica, uniq_grum
D:10:     layout_loops_ring, enter_bailey_2
Temple:   zaba_magenta_temple
Lair:1:   layout_roguey, gammafunk_ghost_icy, nicolae_quartered_pool_super,
          cheibrodos_lair_lostbears, infiniplex_staircase_pool, uniq_joseph
Lair:2:   layout_gridlike, nicolae_spider_entry_tight_spaces,
          hangedman_tree_tricks, beast_lair_carwin_7,
          infiniplex_staircase_pool_2
Lair:3:   layout_hall_layers, minmay_shoals_entry_beasts,
          portal_ice_cave_entry_ice_simulacra
IceCv:    ice_cave_small_necro

Skill      XL: |  1  2  3  4  5  6  7  8  9 10 11 12 13 |
---------------+----------------------------------------+-----
Shields        | 3 4 5 6 7 8 |  8.6
Unarmed Combat | 3 4 5 6 8 9 10 11 | 11.5
Dodging        | 3 4 5 6 7 |  7.9
Fighting       | 3 4 5 6 7 8 |  8.0
Maces & Flails | 1 2 3 4 5 6 7 8 |  8.0
Throwing       | 1 2 4 5 6 7 |  7.6

Action                     |  1- 3 |  4- 6 |  7- 9 | 10-12 | 13-15 || total
---------------------------+-------+-------+-------+-------+-------++-------
  Melee: Unarmed           |   106 |   175 |   343 |   801 |    51 ||  1476
  Throw: Dart              |       |    10 |    10 |    48 |       ||    68
         Throwing net      |       |     1 |       |       |       ||     1
         Boomerang         |       |       |       |    84 |       ||    84
         Javelin           |       |       |       |    10 |     1 ||    11
         Large rock        |       |       |       |     7 |     1 ||     8
 Invoke: Heroism           |       |       |       |    15 |     2 ||    17
  Evoke: Wand              |       |       |     3 |       |       ||     3
    Use: Scroll            |     4 |     4 |     6 |    13 |     2 ||    29
         Potion            |       |     1 |     3 |     4 |     3 ||    11
   Stab: Sleeping          |       |       |     1 |       |       ||     1
 Armour: Robe              |    32 |    63 |    65 |   157 |     7 ||   324
  Dodge: Dodged            |    32 |    89 |   115 |   379 |    18 ||   633
  Block: Kite shield       |    26 |    93 |   139 |   394 |    23 ||   675
